 Dungeon Crawl Stone Soup version 0.27-a0-362-g8331d791d5 (webtiles) character file.

Game seed: 12065161685099282756

1032 Murumi the Chucker (level 8, -2/58 (79) HPs)
             Began as an Ogre Monk on Feb 16, 2021.
             Slain by a wight
             ... wielding a +4 halberd
              (8 damage)
             ... on level 5 of the Dungeon.
             The game lasted 00:29:31 (5726 turns).

Murumi the Chucker (Ogre Monk)                      Turns: 5726, Time: 00:29:31

HP:   -2/58 (79)    AC:  5    Str: 16    XL:     8   Next: 23%
MP:   8/8           EV: 11    Int: 13    God:
Gold: 118           SH:  0    Dex: 17    Spells: 7/7 levels left

rFire    . . .     SeeInvis .   g - +0 whip
rCold    . . .     Faith    .   (no shield)
rNeg     . . .     Spirit   .   b - +1 robe
rPois    +         Reflect  .   a - +1 hat
rElec    .         Harm     .   (no cloak)
rCorr    .         Rampage  .   (gloves unavailable)
Will     .....                  (boots unavailable)
Stlth    +++.......             e - amulet of regeneration
HPRegen  1.19/turn              q - ring of poison resistance
MPRegen  0.11/turn              k - +6 ring of dexterity

@: very heavily drained
A: large, unfitting armour, tough skin 1
a: no special abilities


You were on level 5 of the Dungeon.
You visited 2 branches of the dungeon, and saw 7 of its levels.
You also visited: Sewer.

You collected 256 gold pieces.
You spent 138 gold pieces at shops.

Inventory:

Hand Weapons
 g - a +0 whip (weapon)
 j - a +0 whip
Missiles
 d - 145 stones (quivered)
 o - a large rock
 p - a curare-tipped dart
 t - 4 boomerangs
Armour
 a - a +1 hat (worn)
 b - a +1 robe (worn)
Jewellery
 e - an amulet of regeneration (around neck)
 h - an amulet of faith
 k - a +6 ring of dexterity (right hand)
 q - a ring of poison resistance (left hand)
 v - an amulet of reflection
Scrolls
 w - a scroll of magic mapping
Potions
 c - 2 potions of lignification
 f - 2 potions of magic
 i - a potion of brilliance
 l - 2 potions of flight
 m - 5 potions of heal wounds
 n - 2 potions of attraction {unknown}
 r - 2 potions of haste
 s - a potion of resistance {unknown}
 u - a potion of curing


   Skills:
 + Level 4.5 Fighting
 - Level 5.0 Maces & Flails
 - Level 6.0 Throwing
 - Level 1.0 Armour
 - Level 3.0 Dodging
 - Level 4.0 Stealth


You had 7 spell levels left.
You didn't know any spells.
Your spell library contained the following spells:

 Spells                   Type           Power        Failure   Level
 Summon Small Mammal      Summ           0%           30%         1
 Call Imp                 Summ           0%           43%         2
 Call Canine Familiar     Summ           0%           67%         3
 Summon Guardian Golem    Hex/Summ       0%           67%         3
 Summon Ice Beast         Ice/Summ       0%           97%         4
 Summon Lightning Spire   Summ/Air       0%           97%         4


Dungeon Overview and Level Annotations

Branches:
Dungeon (6/15)             Temple (1/1) D:6           Sewer (visited)

Altars:
Cheibriados
Elyvilon
Fedhas
Gozag
Hepliaklqana
Kikubaaqudgha
Nemelex Xobeh
Qazlal
Ru
Trog
Uskayaw
Wu Jian
Xom
Zin

Shops:
D:4 *   D:5 !


Innate Abilities, Weirdness & Mutations

You are too large for most types of armour.
You have tough skin. (AC +1)


Message History

The wight hits you but does no damage.
You hit the wight.
The wight is heavily damaged.
The wight closely misses you.
You barely miss the wight.
The wight is heavily damaged.
You hit the wight.
The wight is heavily damaged.
The wight hits you with a +4 halberd.
You hit the wight but do no damage.
The wight is heavily damaged.
The wight misses you.
You barely miss the wight.
The wight is heavily damaged.
The wight closely misses you.
You hit the wight.
The wight is severely damaged.
You hit the wight but do no damage.
The wight is severely damaged.
The wight hits you with a +4 halberd.
You barely miss the wight.
The wight is severely damaged.
The wight hits you with a +4 halberd!
You are too injured to fight recklessly!
You completely miss the wight.
The wight is severely damaged.
You hit the wight.
The wight is severely damaged.
The wight hits you with a +4 halberd!
You hit the wight.
The wight is severely damaged.
The wight hits you with a +4 halberd!
* * * LOW HITPOINT WARNING * * *
You feel drained.
* * * LOW HITPOINT WARNING * * *
Unknown command.
You closely miss the wight.
The wight is severely damaged.
The wight hits you with a +4 halberd!
You die...

#### ##..##
######....##
##......<...##
#######.)....##
###@####.<.....#####
#8z.[8##............
##.....##....###.....
#8.....8#...^# ######
##.....##....#
#8...8##....#
##.....##....##
#8.....8#.....#
##.....##..####


You could see a wight.

Vanquished Creatures
  Duvessa (D:4)
  An ogre (D:4)
  2 centaurs (D:6)
  A kobold brigand (Sewer)
  A wyvern skeleton (D:6)
  Dowan (D:4)
  A wight (D:5)
  A centaur skeleton (D:4)
  2 orc priests
  A bullfrog skeleton (D:5)
  3 orc wizards
  3 worker ants
  A hound skeleton (D:4)
  A howler monkey skeleton (D:4)
  4 river rats
  7 adders
  A white imp (D:5)
  3 oozes
  A worm (D:3)
  A dart slug (D:4)
  3 leopard geckos
  9 orcs
  9 bats
  3 giant cockroaches
  11 goblins
  5 hobgoblins
  2 jackals (Sewer)
  5 kobolds
  3 ball pythons
  5 frilled lizards
  A jackal skeleton (D:5)
  13 rats
106 creatures vanquished.

Notes
Turn   | Place    | Note
-------+----------+-------------------------------------------
     0 | D:1      | Murumi the Ogre Monk began the quest for the Orb.
     0 | D:1      | Reached XP level 1. HP: 24/24 MP: 1/1
   262 | D:1      | Reached XP level 2. HP: 27/32 MP: 2/2
  1312 | D:2      | Reached XP level 3. HP: 39/39 MP: 3/3
  1423 | D:2      | Reached skill level 1 in Throwing
  1774 | D:2      | Found a blossoming altar of Fedhas.
  1943 | D:2      | Reached skill level 2 in Throwing
  2126 | D:3      | Reached XP level 4. HP: 44/48 MP: 4/4
  2329 | D:3      | Reached skill level 3 in Throwing
  2382 | D:3      | Reached XP level 5. HP: 42/54 MP: 5/5
  2410 | D:3      | Found a glowing drain.
  2418 | Sewer    | Entered a sewer
  2525 | Sewer    | Noticed a kobold brigand
  2563 | Sewer    | Killed a kobold brigand
  2564 | Sewer    | Reached skill level 4 in Throwing
  2596 | Sewer    | Found a white marble altar of Elyvilon.
  3026 | D:3      | Reached XP level 6. HP: 60/62 MP: 6/6
  3524 | D:4      | Noticed Duvessa
  3524 | D:4      | Noticed Dowan
  3610 | D:4      | Found Faextyek's Assorted Antiques.
  3613 | D:4      | Bought a scroll labelled BAANIE YK ISCH for 18 gold pieces
  3613 | D:4      | Bought a tourmaline ring for 90 gold pieces
  3685 | D:4      | Killed Dowan
  3686 | D:4      | Reached skill level 5 in Throwing
  3686 | D:4      | Reached XP level 7. HP: 70/70 MP: 7/7
  3750 | D:4      | Killed Duvessa
  4402 | D:5      | Entered Level 5 of the Dungeon
  4663 | D:5      | Found a glowing silver altar of Zin.
  4683 | D:5      | Reached skill level 5 in Maces & Flails
  4897 | D:5      | Found Veuweor's Distillery.
  4957 | D:5      | Bought 2 potions of degeneration for 30 gold pieces
  5169 | D:6      | Reached XP level 8. HP: 43/78 MP: 8/8
  5245 | D:6      | Reached skill level 6 in Throwing
  5283 | D:6      | Found a staircase to the Ecumenical Temple.
  5290 | Temple   | Entered the Ecumenical Temple
  5583 | D:6      | Reached skill level 1 in Armour
  5726 | D:5      | Slain by a wight

Illustrated notes

Levels and vault maps discovered:
D:1:      lemuel_arrival_river_ford, layout_basic, patterned_corridor
D:2:      layout_loops_ring, general_overflow_altar
D:3:      wander_river, layout_loops_ring, lightli_sewer_entry_pipes
D:4:      layout_loops_ring, serial_shops, kennysheep_mini, uniq_duvessa
D:5:      layout_layer_cave, nicolae_overflow_hidden_temple, serial_shops, shop
D:6:      layout_gridville, temple_green, grunt_ministairs_3, nzn_random_ring,
          uniq_edmund
Temple:   minmay_temple_bridge_abc

Skill      XL: |  1  2  3  4  5  6  7  8 |
---------------+-------------------------+-----
Maces & Flails | 3 4 5 |  5.0
Dodging        | 3 |  3.0
Stealth        | 2 3 4 |  4.0
Throwing       | 2 3 4 5 6 |  6.0
Armour         | 1 |  1.0
Fighting       | |  4.5

Action                   |  1- 3 |  4- 6 |  7- 9 || total
-------------------------+-------+-------+-------++-------
Melee: Mace              |    55 |       |       ||    55
       Whip              |    28 |   291 |   320 ||   639
Throw: Stone             |    52 |    76 |    85 ||   213
       Large rock        |       |     2 |       ||     2
       Dart              |       |     1 |       ||     1
  Use: Scroll            |     5 |     3 |     6 ||    14
       Potion            |     1 |     1 |     2 ||     4
 Stab: Sleeping          |     2 |     8 |       ||    10
Armor: Robe              |    24 |    60 |    48 ||   132
       Skin              |     5 |       |    62 ||    67
Dodge: Dodged            |    46 |   105 |   109 ||   260

Table legend: (Time is in decaauts)
 A = Elapsed time spent in this place.
 B = Non-inter-level travel time spent in this place.
 C = Inter-level travel time spent in this place.
 D = Time resting spent in this place.
 E = Time spent auto-exploring this place.
 F = Levels seen in this place.
 G = Mean time per level.
                   A        B        C        D        E       F      G
               +--------+--------+--------+--------+--------+-----+--------+
         Total |   5772 |   5248 |    524 |     95 |   3613 |   8 |  721.5 |
       Dungeon |   5267 |   4766 |    501 |     95 |   3303 |   6 |  877.8 |
        Temple |    202 |    179 |     23 |      0 |    179 |   1 |  202.0 |
         Sewer |    301 |    301 |      0 |      0 |    130 |   1 |  301.0 |
               +--------+--------+--------+--------+--------+-----+--------+

Top non-repeatable levels by time:
     D:1: 1292 daAuts
     D:3: 1240 daAuts
     D:4: 873 daAuts
     D:2: 797 daAuts
     D:5: 762 daAuts
   Sewer: 301 daAuts
     D:6: 301 daAuts
  Temple: 202 daAuts
